[Event "ICC Open 2015"]
[Site "Internet Chess Club"]
[Date "2015.05.30"]
[Round "10"]
[White "Mormegil"]
[Black "daddyo"]
[Result "1-0"]
[ICCResult "Black resigns"]
[WhiteElo "1708"]
[BlackElo "1476"]
[Opening "Modern defense"]
[ECO "A40"]
[NIC "QO.17"]
[Time "20:37:55"]
[TimeControl "180+0"]

1. d4 g6 2. c4 Bg7 3. Nc3 e6 4. e4 Ne7 5. f4 b6 6. Nf3 O-O 7. Bd3 Bb7 8. O-O
Nbc6 9. Bc2 d5 10. cxd5 exd5 11. e5 Qc8 12. Be3 Nf5 13. Qd2 Nxe3 14. Qxe3
Qg4 15. h3 Qc8 16. Ng5 Nb4 17. Bb1 c5 18. a3 Na6 19. Ba2 c4 20. Rae1 Qe6 21.
Nxe6 fxe6 22. Nb5 Rac8 23. Nd6 Rc7 24. Rc1 Bh6 25. g3 Bc6 26. b3 b5 27. bxc4
bxc4 28. Rb1 Rb8 29. Rxb8+ Nxb8 30. Rb1 Nd7 31. Qc3 Kg7 32. Ne8+ Kf7 33.
Nxc7 {Black resigns} 1-0

[Event "ICC Open 2015"]
[Site "Internet Chess Club"]
[Date "2015.05.30"]
[Round "10"]
[White "KVR"]
[Black "MARXVONAZULAY"]
[Result "0-1"]
[ICCResult "White forfeits on time"]
[WhiteElo "1334"]
[BlackElo "1480"]
[Opening "QGD Slav defense, Alekhine variation"]
[ECO "D20"]
[NIC "QG.03"]
[Time "20:36:20"]
[TimeControl "180+0"]

1. d4 d5 2. c4 dxc4 3. Nc3 c6 4. e4 b5 5. a4 a6 6. axb5 cxb5 7. Nxb5 axb5 8.
Rxa8 Bb7 9. Ra1 Bxe4 10. Be2 e6 11. Nf3 Bb4+ 12. Bd2 Nc6 13. Bxb4 Nxb4 14.
O-O Nd3 15. Bxd3 Bxd3 16. Ne5 Be4 17. Re1 Bd5 18. Qh5 Nh6 19. h3 O-O 20. Re3
Nf5 21. Ree1 Nxd4 22. Nf3 Nb3 23. Ng5 h6 24. Ne4 Nxa1 25. Nc5 Nc2 26. Rc1
Nd4 27. Qg4 Nf5 28. Ne4 Bxe4 29. Qxe4 Qd4 30. Qc6 Qd5 {White forfeits on
time} 0-1

[Event "ICC Open 2015"]
[Site "Internet Chess Club"]
[Date "2015.05.30"]
[Round "10"]
[White "jonesey"]
[Black "zelog"]
[Result "0-1"]
[ICCResult "White resigns"]
[WhiteElo "1937"]
[BlackElo "2085"]
[Opening "French: advance, Milner-Barry gambit"]
[ECO "C02"]
[NIC "FR.03"]
[Time "20:36:41"]
[TimeControl "180+0"]

1. e4 e6 2. d4 d5 3. e5 c5 4. c3 Nc6 5. Nf3 Qb6 6. Bd3 cxd4 7. cxd4 Bd7 8.
O-O Nxd4 9. Nxd4 Qxd4 10. Nc3 a6 11. Qe2 Ne7 12. Rd1 Nc6 13. Bxa6 Qxe5 14.
Bxb7 Qxe2 15. Nxe2 Rb8 16. Ba6 Nb4 17. Bf4 Nxa6 18. Bxb8 Nxb8 19. Rac1 Bd6
20. a3 Ke7 21. b4 Nc6 22. b5 Na5 23. a4 Ra8 24. Nd4 Nc4 25. Ra1 Nb2 26. Rdb1
Nxa4 27. b6 Nxb6 28. Rxa8 Nxa8 29. Rb7 Nc7 30. g3 e5 31. Nc2 Bc6 32. Ra7 Kd7
33. Kf1 d4 34. Ke2 Bc5 35. Ra1 e4 36. Na3 Bxa3 37. Rxa3 Kd6 38. Ra7 Bb5+ 39.
Kd2 f5 40. Rb7 g5 41. Rb8 f4 42. gxf4 gxf4 43. Rd8+ Ke5 44. Rh8 e3+ 45. fxe3
fxe3+ 46. Ke1 d3 47. Rxh7 d2+ 48. Kd1 Ba4+ 49. Ke2 d1=Q+ 50. Kxe3 Qc1+
{White resigns}
0-1

[Event "ICC Open 2015"]
[Site "Internet Chess Club"]
[Date "2015.05.30"]
[Round "10"]
[White "TheLlamaLord"]
[Black "chesstempo2"]
[Result "0-1"]
[ICCResult "White checkmated"]
[WhiteElo "1675"]
[BlackElo "2080"]
[Opening "QGD semi-Slav: 5.Bg5 dc"]
[ECO "D44"]
[NIC "SL.03"]
[Time "20:36:37"]
[TimeControl "180+0"]

1. d4 d5 2. c4 c6 3. Nc3 Nf6 4. Nf3 e6 5. Bg5 dxc4 6. a4 Bb4 7. e3 Qa5 8.
Qc2 Ne4 9. Rc1 Nxg5 10. Nxg5 Qxg5 11. g3 O-O 12. Bxc4 e5 13. O-O Bh3 14.
Rfd1 exd4 15. Rxd4 Bc5 16. Rh4 Bf5 17. Bd3 Bxd3 18. Qxd3 Qg6 19. Qe2 Nd7 20.
Rd1 Nf6 21. Qf3 Rad8 22. Re1 Rd2 23. Ne2 Nd5 24. Qg2 Rxb2 25. Qh3 h6 26. Rg4
Qf6 27. Nf4 Nxf4 28. gxf4 Rd8 29. Rf1 Rdd2 30. Qg2 Kf8 31. Kh1 Bxe3 32. Qe4
Bxf2 33. Qh7 Be3 34. Rf2 Rxf2 35. Qh8+ Ke7 36. Kg1 Rxf4+ 37. Kh1 Rf1+ 38.
Rg1 Qf3# {White checkmated} 0-1

[Event "ICC Open 2015"]
[Site "Internet Chess Club"]
[Date "2015.05.30"]
[Round "10"]
[White "chessdjw"]
[Black "Mastercito"]
[Result "1/2-1/2"]
[ICCResult "Game drawn because neither player has mating material"]
[WhiteElo "2320"]
[BlackElo "2033"]
[Opening "Réti: King's Indian attack (Barcza system)"]
[ECO "A07"]
[NIC "QP.09"]
[Time "20:36:11"]
[TimeControl "180+0"]

1. Nf3 d5 2. g3 Nf6 3. Bg2 h5 4. h3 c6 5. O-O Bf5 6. c4 Qd7 7. Ng5 e6 8. d3
Be7 9. e4 dxe4 10. dxe4 Qxd1 11. Rxd1 Bg6 12. Nd2 Nbd7 13. b3 Nh7 14. Nxh7
Bxh7 15. Bb2 Bf6 16. Bxf6 Nxf6 17. e5 Nd7 18. f4 O-O-O 19. Ne4 Bxe4 20. Bxe4
Nc5 21. Bf3 g6 22. Kf2 Rd3 23. Rxd3 Nxd3+ 24. Ke3 Nb4 25. Be4 Rd8 26. a3 Na6
27. b4 Nb8 28. g4 hxg4 29. hxg4 Rh8 30. Rh1 Rxh1 31. Bxh1 Kc7 32. f5 gxf5
33. gxf5 exf5 34. Kf4 Kd7 35. Kxf5 Ke7 36. c5 Nd7 37. Bf3 f6 38. exf6+ Nxf6
39. b5 cxb5 40. Bxb7 Nd7 41. c6 Nb6 42. Ke5 Kd8 43. Ba6 Nc4+ 44. Kd5 Nxa3
45. Kd6 Nc4+ 46. Kc5 Na3 47. Kd6 Nc4+ 48. Kc5 Na3 49. Kb4 Kc7 50. Bb7 Nc4
51. Kxb5 Nd6+ 52. Ka6 Nc4 53. Kxa7 Ne5 54. Ka6 Kd6 55. Kb6 Nxc6
{Game drawn because neither player has mating material}
1/2-1/2

[Event "ICC Open 2015"]
[Site "Internet Chess Club"]
[Date "2015.05.30"]
[Round "10"]
[White "haimw"]
[Black "skibum1313"]
[Result "1-0"]
[ICCResult "Black resigns"]
[WhiteElo "1900"]
[BlackElo "1506"]
[Opening "Pirc: Ufimtsev-Pytel variation"]
[ECO "B07"]
[NIC "PU.08"]
[Time "20:37:02"]
[TimeControl "180+0"]

1. e4 d6 2. d4 Nf6 3. Nc3 c6 4. Be2 a6 5. g4 h6 6. h4 b5 7. f3 Bb7 8. Be3
Nbd7 9. Qd2 e6 10. O-O-O Rc8 11. Nh3 c5 12. g5 hxg5 13. hxg5 Nh5 14. Nf4 g6
15. Nxh5 Rxh5 16. Rxh5 gxh5 17. f4 b4 18. Na4 Bxe4 19. dxc5 Nxc5 20. Nxc5
dxc5 21. Bxh5 Qxd2+ 22. Rxd2 Rd8 23. Bxf7+ Kxf7 24. Rxd8 Bd5 25. Rc8 c4 26.
Bc5 Bxc5 27. Rxc5 Kg6 28. Kd2 Kf5 29. Rxd5+ exd5 30. Ke3 a5 31. Kd4 Ke6 32.
g6 a4 33. f5+ Kf6 34. Kxd5 b3 35. cxb3 cxb3 36. axb3 axb3 37. Kc4 Kxf5 38.
g7 {Black resigns} 1-0

[Event "ICC Open 2015"]
[Site "Internet Chess Club"]
[Date "2015.05.30"]
[Round "10"]
[White "cristoforo"]
[Black "xyro"]
[Result "0-1"]
[ICCResult "White checkmated"]
[WhiteElo "1453"]
[BlackElo "1798"]
[Opening "Queen's pawn"]
[ECO "A40"]
[NIC "QO.17"]
[Time "20:36:08"]
[TimeControl "180+0"]

1. d4 e6 2. e3 c5 3. c3 d5 4. Bd3 Nc6 5. f4 Nf6 6. Nd2 Be7 7. Ngf3 b6 8. O-O
a5 9. Ne5 Qc7 10. Qf3 Ba6 11. Bxa6 Rxa6 12. g4 O-O 13. g5 Nd7 14. Ng4 b5 15.
Qh3 Re8 16. Nf3 Nf8 17. Rf2 b4 18. Qg3 a4 19. Nfe5 Nxe5 20. fxe5 Bxg5 21.
Bd2 a3 22. bxa3 bxc3 23. Bxc3 Rxa3 24. Bd2 cxd4 25. exd4 Rxg3+ 26. hxg3 Bxd2
27. Rxd2 Ng6 28. Rf2 Qc3 29. Raf1 Rf8 30. a4 Qxd4 31. a5 Nxe5 32. Nxe5 Qxe5
33. Kg2 Qe4+ 34. Kh3 Qa4 35. Re2 Qxa5 36. Rff2 Qc7 37. Rc2 Qe7 38. Rce2 Qg5
39. g4 h5 40. Rg2 hxg4+ 41. Rxg4 Qh5+ 42. Kg3 f5 43. Rh4 Qxe2 44. Kh3 Qe3+
45. Kg2 Rc8 46. Rh3 Rc2+ 47. Kf1 Qc1# {White checkmated} 0-1

[Event "ICC Open 2015"]
[Site "Internet Chess Club"]
[Date "2015.05.30"]
[Round "10"]
[White "HaraldEskilstu"]
[Black "WayTooRighteous"]
[Result "1-0"]
[ICCResult "Black resigns"]
[WhiteElo "2081"]
[BlackElo "1970"]
[Opening "Sicilian: closed"]
[ECO "B24"]
[NIC "SI.44"]
[Time "20:36:47"]
[TimeControl "180+0"]

1. e4 c5 2. Nc3 Nc6 3. g3 g6 4. Bg2 Bg7 5. d3 e6 6. f4 Nge7 7. Nf3 O-O 8.
O-O d6 9. Be3 Nd4 10. e5 Nec6 11. Ne4 dxe5 12. fxe5 Nxf3+ 13. Bxf3 Nxe5 14.
Bxc5 Re8 15. Ba3 Qb6+ 16. Kh1 Bd7 17. Bg2 f5 18. Nd6 Reb8 19. d4 f4 20. dxe5
Bxe5 21. gxf4 Bg7 22. Qg4 Bxb2 23. Rab1 Qd4 24. Rxb2 Qg7 25. Ne4 e5 26. Qg3
exf4 27. Qxf4 Bf5 28. Ng3 Be6 29. Rbb1 Re8 30. Bb2 Qd7 31. Ne4 Rf8 32. Nf6+
Rxf6 33. Qxf6 {Black resigns} 1-0

[Event "ICC Open 2015"]
[Site "Internet Chess Club"]
[Date "2015.05.30"]
[Round "10"]
[White "blackending"]
[Black "MarzipanCat"]
[Result "0-1"]
[ICCResult "White checkmated"]
[WhiteElo "1753"]
[BlackElo "2221"]
[Opening "Modern defense: Averbakh system"]
[ECO "B06"]
[NIC "KF.04"]
[Time "20:37:10"]
[TimeControl "180+0"]

1. e4 g6 2. d4 Bg7 3. c4 d6 4. Nc3 e5 5. d5 Nd7 6. f4 exf4 7. Bxf4 Ne5 8. h3
Qh4+ 9. g3 Qe7 10. Nf3 Nxf3+ 11. Qxf3 a6 12. Bd3 Bd4 13. Be3 Bxe3 14. Qxe3
Nf6 15. O-O-O Nd7 16. Rhe1 Ne5 17. g4 Bd7 18. Kb1 O-O 19. Rg1 b5 20. cxb5
axb5 21. Bxb5 Rfb8 22. Bxd7 Rxb2+ 23. Ka1 Qxd7 24. h4 Nc4 25. Qd4 Qb5 26.
Nxb5 Raxa2# {White checkmated} 0-1

[Event "ICC Open 2015"]
[Site "Internet Chess Club"]
[Date "2015.05.30"]
[Round "10"]
[White "alric"]
[Black "xwang1"]
[Result "0-1"]
[ICCResult "White resigns"]
[WhiteElo "1919"]
[BlackElo "1872"]
[Opening "Ruy Lopez: Berlin defense"]
[ECO "C65"]
[NIC "RL.07"]
[Time "20:36:27"]
[TimeControl "180+0"]

1. e4 e5 2. Nf3 Nc6 3. Bb5 Nf6 4. d3 d6 5. O-O Bd7 6. c3 g6 7. Re1 Bg7 8. h3
O-O 9. Bg5 h6 10. Be3 Nh5 11. Qd2 Kh7 12. g4 Nf6 13. g5 hxg5 14. Bxg5 Qe8
15. Kg2 Nh5 16. Rh1 a6 17. Ba4 f6 18. Be3 Nd8 19. Bd1 Ne6 20. d4 Nef4+ 21.
Kg1 Nxh3+ 22. Kf1 exd4 23. Nxd4 Qxe4 24. Bf3 Qh4 25. Na3 Rae8 26. Nc4 b5 27.
Na5 Bg4 28. Nac6 f5 29. Rxh3 Bxh3+ 30. Kg1 f4 {White resigns} 0-1

[Event "ICC Open 2015"]
[Site "Internet Chess Club"]
[Date "2015.05.30"]
[Round "10"]
[White "EGK"]
[Black "druskacik"]
[Result "0-1"]
[ICCResult "White resigns"]
[WhiteElo "2150"]
[BlackElo "2454"]
[Opening "Queen's pawn: Torre attack"]
[ECO "A46"]
[NIC "QP.04"]
[Time "20:36:35"]
[TimeControl "180+0"]

1. d4 Nf6 2. Nf3 e6 3. Bg5 c5 4. e3 Qb6 5. Bxf6 gxf6 6. Nbd2 Qxb2 7. Bc4 d5
8. Rb1 Qa3 9. Bb5+ Nc6 10. c4 dxc4 11. Nxc4 Qc3+ 12. Qd2 Qxd2+ 13. Kxd2 Bd7
14. Rhc1 a6 15. Bxc6 Bxc6 16. Na5 Be4 17. Rb2 O-O-O 18. Ke2 f5 19. dxc5 Bg7
20. Rd2 Rxd2+ 21. Nxd2 Rd8 22. Ndc4 Bd3+ 23. Ke1 Kc7 24. Nd6 Bb2 25. Kd1
Bxc1 26. Kxc1 f6 27. Naxb7 Rb8 28. Kd2 Be4 29. Nxe4 fxe4 30. Nd6 Rb2+ 31.
Kc3 Rxf2 32. Nxe4 Rxg2 33. Nxf6 Rxh2 34. Kd4 Kc6 35. a4 h5 36. Ke5 h4 37.
Kf4 Rf2+ {White resigns} 0-1

[Event "ICC Open 2015"]
[Site "Internet Chess Club"]
[Date "2015.05.30"]
[Round "10"]
[White "nowornever"]
[Black "Werewolf"]
[Result "0-1"]
[ICCResult "White forfeits on time"]
[WhiteElo "1971"]
[BlackElo "2186"]
[Opening "Nimzovich-Larsen attack: classical variation"]
[ECO "A01"]
[NIC "VO.08"]
[Time "20:36:13"]
[TimeControl "180+0"]

1. b3 d5 2. Bb2 Nf6 3. Nf3 g6 4. e3 Bg7 5. g3 O-O 6. Bg2 b6 7. O-O Bb7 8. d4
Nbd7 9. Nbd2 Re8 10. c4 dxc4 11. bxc4 c5 12. d5 Ba6 13. e4 e6 14. e5 Nxd5
15. cxd5 Bxf1 16. Qxf1 exd5 17. Qd3 Nxe5 18. Nxe5 Bxe5 19. Bxe5 Rxe5 20. f4
Re7 21. Nf3 Rc8 22. Ne5 f6 23. Bxd5+ Kg7 24. Ng4 Rd7 25. Rd1 c4 26. Qc3 Rc5
27. Ne3 Rdxd5 28. Nxd5 Rxd5 29. Re1 b5 30. Qb4 Qd6 31. Re7+ Kh6 32. Qxd6
Rxd6 33. Rxa7 Rc6 34. Rb7 c3 35. h4 c2 36. g4 c1=Q+ 37. Kg2 Qxf4 38. g5+
fxg5 39. hxg5+ Qxg5+ 40. Kf3 Rc3+ {White forfeits on time} 0-1

[Event "ICC Open 2015"]
[Site "Internet Chess Club"]
[Date "2015.05.30"]
[Round "10"]
[White "BlackHorse96"]
[Black "isodung"]
[Result "0-1"]
[ICCResult "White checkmated"]
[WhiteElo "3207"]
[BlackElo "2894"]
[Opening "Caro-Kann: advance variation"]
[ECO "B12"]
[NIC "CK.02"]
[Time "20:36:13"]
[TimeControl "180+0"]

1. e4 c6 2. d4 d5 3. e5 c5 4. dxc5 Nc6 5. f4 e6 6. Be3 Nh6 7. Nf3 Nf5 8. Bf2
Qa5+ 9. Qd2 Bxc5 10. Qxa5 Bxf2+ 11. Kxf2 Nxa5 12. Nbd2 Nc6 13. Bd3 Nfe7 14.
c3 g6 15. g4 h5 16. h3 Bd7 17. Nb3 b6 18. Nbd4 Nxd4 19. Nxd4 Nc6 20. Nb5 Ke7
21. Rae1 h4 22. f5 exf5 23. Nc7 fxg4 24. Nxa8 g3+ 25. Kg2 Rxa8 26. Rhf1 Nd8
27. Be2 Bf5 28. Rf4 Be4+ 29. Bf3 g5 30. Bxe4 Ne6 31. Rg4 dxe4 32. Rexe4 Rd8
33. Kf3 Rd2 34. Re2 Rxe2 35. Kxe2 Nf4+ 36. Kf3 Nxh3 37. a4 f5 38. exf6+ Kxf6
39. a5 Nf4 40. axb6 axb6 41. c4 g2 42. b4 h3 43. Rxf4+ gxf4 44. Kf2 f3 45.
c5 h2 46. b5 g1=Q+ 47. Kxf3 h1=Q+ 48. Kf4 Qd4+ 49. Kg3 Qhg1+ 50. Kf3 Qdg4#
{White checkmated}
0-1

[Event "ICC Open 2015"]
[Site "Internet Chess Club"]
[Date "2015.05.30"]
[Round "10"]
[White "grancaruso"]
[Black "raja2015"]
[Result "1-0"]
[ICCResult "Black checkmated"]
[WhiteElo "1833"]
[BlackElo "1578"]
[Opening "Réti opening"]
[ECO "A11"]
[NIC "QP.09"]
[Time "20:36:52"]
[TimeControl "180+0"]

1. Nf3 d5 2. c4 c6 3. e3 e6 4. d4 Nf6 5. b3 Be7 6. Bd3 O-O 7. O-O Nbd7 8.
Bb2 Re8 9. Nc3 Nf8 10. Ne5 Ng6 11. Qc2 Nxe5 12. dxe5 Nd7 13. Bxh7+ Kf8 14.
cxd5 cxd5 15. Nb5 g6 16. Nc7 Rb8 17. Nxe8 Qxe8 18. Bd4 b6 19. Rac1 Bc5 20.
h4 Kg7 21. Bxg6 fxg6 22. Qd3 a5 23. Qb5 Qd8 24. g3 Bb7 25. Rc2 Qe8 26. Rfc1
Kh6 27. Qe2 Bxd4 28. exd4 Rc8 29. Rc7 Rxc7 30. Rxc7 Bc8 31. Qg4 Nf8 32. Qg5#
{Black checkmated}
1-0

[Event "ICC Open 2015"]
[Site "Internet Chess Club"]
[Date "2015.05.30"]
[Round "10"]
[White "kurumania"]
[Black "aplusk"]
[Result "0-1"]
[ICCResult "White resigns"]
[WhiteElo "2883"]
[BlackElo "3035"]
[Opening "Benkö gambit: fianchetto variation"]
[ECO "A58"]
[NIC "BI.39"]
[Time "20:36:34"]
[TimeControl "180+0"]

1. d4 Nf6 2. c4 c5 3. d5 b5 4. cxb5 a6 5. bxa6 g6 6. Nc3 Bxa6 7. Nf3 d6 8.
g3 Bg7 9. Bg2 O-O 10. O-O Nfd7 11. Qc2 Nb6 12. Rd1 Nc4 13. Nd2 Qa5 14. Nxc4
Bxc4 15. Bd2 Nd7 16. b3 Ba6 17. a4 Rfb8 18. Rab1 Ne5 19. Be1 Bc8 20. Nb5 Qb6
21. Bc3 Bf5 22. Be4 Bd7 23. Na3 Qa6 24. Kg2 c4 25. Nb5 cxb3 26. Qxb3 Qxa4
27. Qxa4 Rxa4 28. Nd4 Rc8 29. Rbc1 Ng4 30. e3 Ra2 31. Nc6 Bxc6 32. Bxg7 Kxg7
33. Rxc6 Rxc6 34. dxc6 Nxe3+ 35. Kg1 Nxd1 36. c7 Ra1 {White resigns} 0-1

[Event "ICC Open 2015"]
[Site "Internet Chess Club"]
[Date "2015.05.30"]
[Round "10"]
[White "EREBUNI"]
[Black "MoonlightWizard"]
[Result "1-0"]
[ICCResult "Black resigns"]
[WhiteElo "3086"]
[BlackElo "2942"]
[Opening "French: Winawer, advance, Bogolyubov variation"]
[ECO "C17"]
[NIC "FR.10"]
[Time "20:37:15"]
[TimeControl "180+0"]

1. e4 e6 2. d4 d5 3. Nc3 Bb4 4. e5 c5 5. Bd2 Ne7 6. Nce2 Bxd2+ 7. Qxd2 O-O
8. f4 Nbc6 9. Nf3 Qb6 10. O-O-O Bd7 11. g4 Rac8 12. Kb1 Qa5 13. dxc5 Qxc5
14. h4 Qb4 15. Qxb4 Nxb4 16. Ned4 a6 17. a3 Nbc6 18. Bd3 Nxd4 19. Nxd4 Nc6
20. Nf3 Ne7 21. h5 Rc7 22. h6 g6 23. g5 Rfc8 24. Nh2 Kf8 25. Ng4 Ng8 26. c3
b5 27. Bc2 Rc4 28. Rhf1 Be8 29. Bd3 R4c7 30. Be2 Ke7 31. Rd4 Rc5 32. Kc2 Bc6
33. Kd2 Ba8 34. a4 Bc6 35. b4 Rc4 36. Bxc4 bxc4 37. Ra1 Rb8 38. Ke3 Be8 39.
Rd2 Kd7 40. Kd4 Kc7 41. Nf6 Nxf6 42. gxf6 Kb6 43. Rb2 Bc6 44. b5 {Black
resigns} 1-0

[Event "ICC Open 2015"]
[Site "Internet Chess Club"]
[Date "2015.05.30"]
[Round "10"]
[White "VoltesV"]
[Black "RobbieWilliams"]
[Result "1-0"]
[ICCResult "Black resigns"]
[WhiteElo "1613"]
[BlackElo "1763"]
[Opening "Benoni: classical with e4 and Nf3"]
[ECO "A70"]
[NIC "BI.20"]
[Time "20:36:54"]
[TimeControl "180+0"]

1. d4 Nf6 2. Nf3 e6 3. c4 c5 4. d5 exd5 5. cxd5 d6 6. Nc3 g6 7. e4 Bg7 8.
Bb5+ Nfd7 9. O-O O-O 10. Bf4 Nf6 11. e5 dxe5 12. Nxe5 a6 13. Be2 Nh5 14.
Bxh5 gxh5 15. Qxh5 b5 16. Rad1 Ra7 17. Nc6 Nxc6 18. dxc6 Qf6 19. Bd6 Rd8 20.
Bxc5 Rc7 21. Nd5 Rxd5 22. Rxd5 Be6 23. Bd4 Qe7 24. Re1 Bxd4 25. Rxd4 Rxc6
26. Rg4+ Kf8 27. Qh6+ Ke8 28. Rg8+ Kd7 29. Rd1+ Kc7 30. Rgd8 Kb7 31. Qxh7
Qf6 32. Qh8 Qg5 33. Rb8+ Kc7 34. f4 Qc5+ 35. Kh1 Qe7 36. Qe5+ {Black
resigns} 1-0

[Event "ICC Open 2015"]
[Site "Internet Chess Club"]
[Date "2015.05.30"]
[Round "10"]
[White "chessfidebullet"]
[Black "krankenstein"]
[Result "1-0"]
[ICCResult "Black forfeits on time"]
[WhiteElo "1159"]
[BlackElo "1131"]
[Opening "Bishop's opening"]
[ECO "C23"]
[NIC "IG.04"]
[Time "20:36:26"]
[TimeControl "180+0"]

1. e4 e5 2. Bc4 a6 3. Qf3 Nf6 4. g4 h6 5. h4 d6 6. g5 Bg4 7. Qb3 d5 8. exd5
hxg5 9. f3 Rxh4 10. Rxh4 gxh4 11. fxg4 Nxg4 12. Qf3 Nf6 13. Nh3 Qd6 14. Ng5
Nbd7 15. d3 b5 16. Bb3 Nc5 17. Ne4 Ncxe4 18. dxe4 O-O-O 19. Qf5+ Kb8 20. Nc3
g6 21. Qf2 Bg7 22. a4 b4 23. Nb5 axb5 24. axb5 Qb6 25. Be3 Nxe4 26. Bxb6
Nxf2 27. Ba7+ Kb7 28. Bxf2 h3 29. Ra7+ Kc8 30. b6 {Black forfeits on time}
1-0

[Event "ICC Open 2015"]
[Site "Internet Chess Club"]
[Date "2015.05.30"]
[Round "10"]
[White "DarkThrone"]
[Black "hejajw"]
[Result "1-0"]
[ICCResult "Black checkmated"]
[WhiteElo "2411"]
[BlackElo "2511"]
[Opening "Dutch, 2.Bg5 variation"]
[ECO "A80"]
[NIC "HD.12"]
[Time "20:36:17"]
[TimeControl "180+0"]

1. d4 f5 2. Bg5 h6 3. Bh4 g5 4. e3 Rh7 5. Bg3 Nf6 6. h4 g4 7. Bd3 d6 8. Ne2
Nc6 9. c4 e5 10. Nbc3 Re7 11. d5 Nb4 12. Qa4+ c6 13. Qxb4 a5 14. Qb3 f4 15.
exf4 e4 16. Bc2 e3 17. O-O-O Bg7 18. Nd4 c5 19. Bg6+ Kf8 20. Nf5 e2 21. Rde1
a4 22. Nxa4 Bd7 23. Nb6 Ra6 24. Nxd7+ Rxd7 25. Nxg7 Kxg7 26. Bf5 Re7 27. Be6
b5 28. cxb5 c4 29. Qc3 Rxa2 30. Kd2 Rxe6 31. dxe6 d5 32. Qd4 Kg6 33. f5+ Kh5
34. Rxe2 Qa5+ 35. Ke3 Qxb5 36. Qxf6 Qb3+ 37. Kf4 Qb8+ 38. Qe5 Qb4 39. f6+
Kg6 40. Qf5# {Black checkmated} 1-0

[Event "ICC Open 2015"]
[Site "Internet Chess Club"]
[Date "2015.05.30"]
[Round "10"]
[White "Red-white"]
[Black "Sebs"]
[Result "1-0"]
[ICCResult "Black resigns"]
[WhiteElo "3098"]
[BlackElo "2962"]
[Opening "QGD Slav: Carlsbad variation"]
[ECO "D17"]
[NIC "SL.04"]
[Time "20:36:58"]
[TimeControl "180+0"]

1. d4 d5 2. c4 c6 3. Nc3 Nf6 4. Nf3 dxc4 5. a4 Bf5 6. Ne5 Nbd7 7. Nxc4 Qc7
8. g3 e5 9. dxe5 Nxe5 10. Bf4 Nfd7 11. Bg2 g5 12. Ne3 gxf4 13. Nxf5 O-O-O
14. O-O Nc5 15. Qc2 fxg3 16. hxg3 Ne6 17. a5 a6 18. e3 Kb8 19. b4 h5 20.
Rfb1 Ng6 21. Qe2 Qe5 22. b5 axb5 23. Nxb5 Ngf4 24. gxf4 Nxf4 25. Qf3 Nxg2
26. a6 Rg8 27. Kf1 Bc5 28. Nbd4 Nxe3+ 29. fxe3 Qd5 30. Qxd5 Rxd5 31. axb7
Kc7 32. Ra8 Rdd8 33. Rxd8 Rxd8 34. Nxc6 Kxc6 35. b8=Q Rxb8 36. Rxb8
{Black resigns}
1-0

[Event "ICC Open 2015"]
[Site "Internet Chess Club"]
[Date "2015.05.30"]
[Round "10"]
[White "HematiteBrown"]
[Black "reydelmambo"]
[Result "1-0"]
[ICCResult "Black checkmated"]
[WhiteElo "2237"]
[BlackElo "1986"]
[Opening "Sicilian: Taimanov variation"]
[ECO "B48"]
[NIC "SI.40"]
[Time "20:36:44"]
[TimeControl "180+0"]

1. e4 c5 2. Nf3 e6 3. d4 cxd4 4. Nxd4 Nc6 5. Nc3 Qc7 6. Be3 a6 7. Qd2 Nf6 8.
O-O-O b5 9. Nxc6 Qxc6 10. e5 Ng4 11. Bd3 Nxe3 12. Qxe3 Bb7 13. Be4 Qc7 14.
f4 Rc8 15. Bxb7 Qxb7 16. Ne4 Be7 17. g4 O-O 18. g5 Rc4 19. Nf6+ Bxf6 20.
gxf6 Rfc8 21. Qg3 Rxc2+ 22. Kb1 g6 23. Rhg1 Qe4 24. Ka1 Qb4 25. Rb1 Qd4 26.
Rgd1 Rd2 27. Rxd2 Qxd2 28. a3 b4 29. Qb3 bxa3 30. Qxa3 Rc5 31. Qxc5 Qxf4 32.
Qc8# {Black checkmated} 1-0

[Event "ICC Open 2015"]
[Site "Internet Chess Club"]
[Date "2015.05.30"]
[Round "10"]
[White "cap78red"]
[Black "Kyekerz"]
[Result "1-0"]
[ICCResult "Black forfeits on time"]
[WhiteElo "1440"]
[BlackElo "1222"]
[Opening "English opening"]
[ECO "A22"]
[NIC "EO.10"]
[Time "20:36:49"]
[TimeControl "180+0"]

1. c4 e5 2. Nc3 Nf6 3. e4 Bb4 4. d3 c5 5. Nf3 d6 6. g3 Bg4 7. h3 Bxf3 8.
Qxf3 Nc6 9. Qd1 Qa5 10. Bd2 Nd4 11. Bg2 O-O 12. a3 Bxc3 13. bxc3 Nc6 14. O-O
Rab8 15. Qc1 b5 16. cxb5 Rxb5 17. c4 Qxd2 18. Qxd2 Rb3 19. Rfb1 Nd4 20. Qd1
Rfb8 21. Rxb3 Rxb3 22. Rb1 Rxb1 23. Qxb1 h6 24. Qb8+ Kh7 25. Qxa7 Kg6 26. a4
Ne2+ 27. Kf1 Nd4 28. a5 Ne8 29. a6 Nb3 30. Qb8 Nf6 31. Qxb3 Nd7 32. a7 Nb6
33. Qxb6 f6 34. a8=Q Kg5 35. Qd5 g6 36. Qbxd6 f5 37. Q5xc5 h5 38. Qdxe5 h4
39. exf5 gxf5 40. Qxf5+ {Black forfeits on time} 1-0

[Event "ICC Open 2015"]
[Site "Internet Chess Club"]
[Date "2015.05.30"]
[Round "10"]
[White "shredded"]
[Black "PedroRomero2"]
[Result "1/2-1/2"]
[ICCResult "Game drawn by repetition"]
[WhiteElo "2696"]
[BlackElo "2380"]
[Opening "Nimzo-Indian: classical variation"]
[ECO "E32"]
[NIC "NI.20"]
[Time "20:36:16"]
[TimeControl "180+0"]

1. d4 Nf6 2. c4 e6 3. Nc3 Bb4 4. Qc2 O-O 5. a3 Bxc3+ 6. Qxc3 b6 7. Bg5 Bb7
8. f3 d6 9. e4 c5 10. dxc5 bxc5 11. Rd1 Nc6 12. Bd3 Nxe4 13. Bxe4 Qxg5 14.
Nh3 Qh4+ 15. Nf2 Rad8 16. O-O Ba8 17. Bxc6 Bxc6 18. b4 Ba4 19. Rd3 cxb4 20.
Qxb4 Bc6 21. Rxd6 Rxd6 22. Qxd6 Qxc4 23. Qc7 h5 24. Qxa7 h4 25. Qe3 Ra8 26.
Rc1 Qa4 27. Rc3 Bd5 28. g3 hxg3 29. hxg3 Kf8 30. Qc5+ Kg8 31. Kg2 Qa7 32.
Qd6 Qb8 33. Qc5 Qe5 34. Qe3 Qxe3 35. Rxe3 g5 36. g4 Kg7 37. Kg3 Ra4 38. Rc3
f5 39. Nh3 f4+ 40. Kg2 Kf6 41. Nf2 e5 42. Kf1 e4 43. fxe4 Bxe4 44. Nxe4+
Rxe4 45. Kf2 Re6 46. Kf3 Ra6 47. Ke4 Ra4+ 48. Kf3 Ke5 49. Rc5+ Kf6 50. Rc6+
Ke5 51. Rc5+ Kf6 52. Rc6+ Ke5 53. Rc5+ {Game drawn by repetition} 1/2-1/2

[Event "ICC Open 2015"]
[Site "Internet Chess Club"]
[Date "2015.05.30"]
[Round "10"]
[White "Immortal-Man"]
[Black "ErnestoRondon"]
[Result "0-1"]
[ICCResult "White resigns"]
[WhiteElo "1544"]
[BlackElo "1907"]
[Opening "Réti opening"]
[ECO "A30"]
[NIC "QP.10"]
[Time "20:36:48"]
[TimeControl "180+0"]

1. Nf3 c5 2. c4 Nc6 3. Nc3 e6 4. g3 Nf6 5. Bg2 d5 6. O-O d4 7. Nb5 a6 8. Na3
e5 9. d3 h6 10. Nc2 Bd6 11. a3 a5 12. Bd2 O-O 13. b4 axb4 14. axb4 Rxa1 15.
Qxa1 b6 16. b5 Nb8 17. Qa7 Qc7 18. Ra1 Nbd7 19. Qxc7 Bxc7 20. Ra7 Bb8 21.
Ra8 Bb7 22. Ra2 Re8 23. Nfe1 Bxg2 24. Nxg2 e4 25. Kf1 exd3 26. exd3 Ne5 27.
Bf4 Nxd3 28. Bxb8 Rxb8 29. Ra3 Ne5 30. f4 Nxc4 31. Ra7 Nd6 32. h3 Nxb5 33.
Ra6 Nc3 34. Nh4 Nfe4 35. Nf3 Nxg3+ 36. Kf2 Nge4+ 37. Ke1 Nd6 38. Ne5 f6 39.
Ng6 Re8+ 40. Kd2 Kh7 41. Kc1 Kxg6 42. f5+ Nxf5 43. h4 Nd6 44. Nxd4 cxd4 45.
Rxb6 Nc4 46. Rxf6+ gxf6 {White resigns} 0-1